Map: Kairos Junction LE

Players

TiPtOP

  • Race: Terran Terran
  • League: Silver
  • Spawn Location: 5:00

HungChan - Winner!

  • Race: Protoss Protoss
  • Spawn Location: 11:00

VOD

Have the link to the VOD?

Description

Time

  • Played on: May 12, 2019, 10:52 p.m.
  • Length: 20:39
Show
View Real Time Build Order
Export as new Build Order

TiPtOP Terran 

Build Orders:  

Get SALT Encoding   

  12  0:01  SCV  
  13  0:13  SCV  
  14  0:19  Supply Depot  
  14  0:25  SCV  
  15  0:42  Barracks  
  15  0:44  SCV  
  16  0:56  SCV  
  17  0:59  Refinery  
  17  1:03  Barracks  
  17  1:16  SCV  
  18  1:33  Supply Depot  
  18  1:38  Orbital Command  
  18  1:57  Barracks Tech Lab  
  18  2:06  Barracks Reactor  
  18  2:07  SCV  
  19  2:22  Marine  
  20  2:30  Command Center  
  20  2:42  Factory  
  20  2:46  Marine x3  
  23  2:56  SCV  
  23  3:04  Marine x3  
  26  3:12  Barracks  
  26  3:21  Marine x2  
  26  3:22  SCV, Marine  
  30  3:35  Supply Depot  
  30  3:44  SCV, Supply Depot  
  30  3:45  SCV  
  32  3:55  Factory Reactor  
  32  4:06  Starport  
  32  4:07  Barracks Reactor  
  32  4:13  Refinery, SCV  
  32  4:14  SCV  
  34  4:20  Supply Depot  
  34  4:21  Marine x2  
  36  4:32  Orbital Command  
  36  4:41  SCV  
  37  4:53  SCV  
  38  5:02  SCV, Factory Tech Lab  
  38  5:05  SCV  
  40  5:10  Marine x5  
  45  5:14  SCV  
  46  5:22  Supply Depot  
  46  5:27  Medivac x2  
  50  5:32  Stimpack  
  50  5:33  Marine x5  
  55  5:42  Supply Depot  
  55  5:45  Supply Depot  
  55  5:53  Marine  
  55  5:54  Marine x3  
  59  6:14  Marine x5  
  64  6:19  Supply Depot  
  64  6:24  SCV x2  
  66  6:37  Engineering Bay  
  66  6:45  Supply Depot  
  66  6:46  Marine  
  66  6:47  Marine x4  
  67  6:50  Siege Tank  
  74  6:59  SCV x2  
  76  7:06  Supply Depot  
  76  7:08  Terran Infantry Weapons Level 1  
  76  7:16  Medivac x2  
  80  7:36  Marine x3  
  80  7:37  Marine x2  
  82  7:39  Siege Tank  
  82  7:43  Combat Shield  
  88  7:49  SCV  
  88  7:50  SCV  
  84  8:18  Marine  
  84  8:19  Marine x4  
  87  8:26  Viking  
  87  8:27  Viking  
  91  8:38  Marine  
  91  8:39  Marine x4  
  91  8:40  Siege Tank  
  99  8:56  Marine x3  
  99  8:57  Marine  
  99  9:02  Terran Infantry Armor Level 1  
  103  9:12  Siege Tank  
  104  9:24  Marine x2  
  104  9:25  Marine x3  
  104  9:29  Viking  
  111  9:34  SCV x2  
  111  9:38  Refinery  
  113  9:41  Refinery  
  113  9:42  Supply Depot  
  113  9:44  Siege Tank  
  116  9:45  Supply Depot  
  116  9:56  Missile Turret  
  116  10:05  Missile Turret, Supply Depot  
  116  10:08  Missile Turret  
  116  10:09  Supply Depot  
  116  10:13  Viking  
  116  10:14  Viking  
  120  10:19  Missile Turret  
  120  10:22  Marine x5  
  120  10:28  Siege Tank  
  128  10:32  SCV  
  128  10:34  SCV  
  130  10:40  Missile Turret  
  130  10:44  SCV  
  130  10:46  SCV  
  132  10:56  SCV  
  133  10:58  SCV  
  133  11:00  Siege Tank  
  137  11:12  Marine x4  
  137  11:13  Command Center, Marine  
  142  11:31  Marauder  
  144  11:52  Marauder  
  146  12:08  SCV x2  
  148  12:20  SCV  
  149  12:30  SCV  
  149  12:32  SCV  
  149  12:33  Marine  
  149  12:34  Marine x3  
  155  12:39  Supply Depot  
  155  12:46  Supply Depot  
  155  12:54  Liberator x2  
  155  12:55  Marine x5  
  160  12:59  Siege Tank  
  160  13:02  Supply Depot  
  160  13:04  Starport  
  163  13:08  Supply Depot  
  169  13:13  Marine x4  
  173  13:25  Supply Depot  
  173  13:31  Siege Tank  
  173  13:33  Supply Depot  
  175  13:39  Marine  
  175  13:40  Marine x4  
  180  13:50  Liberator  
  180  13:51  Liberator  
  180  13:57  Marine x2  
  180  13:58  Marine  
  183  14:04  Marine  
  183  14:05  Marine  
  183  14:06  Siege Tank  
  194  14:15  Marine x3  
  197  14:24  Supply Depot  
  197  14:25  Marine x2  
  199  14:33  Marine  
  200  14:43  Refinery  
  199  14:48  Supply Depot  
  188  15:18  Planetary Fortress  
  94  15:57  Marine  
  94  15:58  Marine x3  
  69  16:12  Starport Reactor  
  69  16:13  Viking x2  
  65  16:35  Marine x5  
  70  16:45  Viking  
  70  16:46  Viking  
  74  16:48  Viking x2  
  74  16:53  Marine  
  79  17:14  Marine  
  79  17:15  Viking, Marine x4  
  84  17:16  Viking  
  84  17:18  Viking x2  
  82  17:32  Marine x3  
  68  17:57  Viking x4  
  66  18:09  Marine  
  66  18:10  Marine x4  
  65  18:20  Siege Tank  
  65  18:27  Viking x4, Marine x2  
  65  18:28  Marine x3  
  55  18:45  Marine x4  
  55  18:46  Marine  
  58  18:52  Siege Tank  
  61  18:57  Viking x4  
  69  19:03  Marine x2  
  49  19:25  Siege Tank, Marine x2  
  49  19:26  Marine  
  49  19:27  Viking x4  
  59  19:43  Marine  
  59  19:45  Starport  
  60  19:48  Barracks  
  60  19:50  Missile Turret  
  43  19:57  Viking x2, Siege Tank  
  25  20:14  Missile Turret  
Show
View Real Time Build Order
Export as new Build Order

HungChan Protoss - Winner!

Build Orders: Colossus Rush 

Get SALT Encoding   

  12  0:01  Probe  
  13  0:13  Probe  
  14  0:20  Pylon  
  14  0:25  Probe  
  15  0:39  Gateway  
  15  0:42  Probe  
  16  0:54  Probe  
  17  0:57  Assimilator  
  17  1:06  Probe  
  18  1:18  Probe  
  19  1:34  Cybernetics Core  
  19  1:36  Probe  
  20  1:50  Nexus  
  20  1:52  Probe  
  20  2:04  Probe  
  20  2:06  Stalker  
  21  2:09  Assimilator  
  21  2:10  Warp Gate, Pylon  
  23  2:28  Probe  
  23  2:29  Stalker  
  24  2:32  Gateway  
  24  2:40  Probe  
  27  3:02  Stalker  
  27  3:03  Probe  
  27  3:04  Probe  
  29  3:10  Robotics Facility  
  31  3:17  Probe x2  
  33  3:27  Gateway  
  33  3:29  Probe  
  33  3:31  Pylon  
  34  3:38  Probe  
  35  3:42  Probe  
  36  3:51  Twilight Council  
  36  3:56  Observer  
  36  4:01  Gateway  
  36  4:05  Probe  
  36  4:06  Probe  
  39  4:12  Robotics Bay  
  39  4:20  Pylon  
  39  4:24  Zealot x2  
  39  4:25  Zealot  
  39  4:29  Charge  
  45  4:34  Probe x2  
  47  4:41  Assimilator  
  47  4:43  Assimilator  
  47  4:47  Observer  
  47  4:51  Probe x2  
  50  4:56  Zealot  
  50  4:57  Zealot x2  
  56  5:00  Pylon  
  56  5:04  Pylon  
  56  5:08  Probe x2  
  58  5:16  Colossus  
  58  5:20  Probe x2  
  66  5:30  Extended Thermal Lance  
  66  5:33  Probe  
  66  5:34  Probe  
  68  5:58  Gateway x2  
  68  6:02  Gateway  
  68  6:05  Pylon  
  68  6:07  Pylon  
  68  6:14  Colossus  
  68  6:20  Probe x2  
  76  6:35  Forge  
  76  6:36  Zealot x2  
  76  6:38  Forge  
  80  7:01  Nexus  
  80  7:04  Assimilator  
  80  7:05  Assimilator  
  80  7:07  Colossus  
  86  7:09  Protoss Ground Weapons Level 1, Pylon  
  86  7:12  Protoss Ground Armor Level 1  
  86  7:19  Probe x2  
  87  7:33  Probe x2  
  89  7:45  Templar Archives  
  89  7:50  Stargate  
  89  7:51  Stargate  
  89  7:52  Stargate  
  89  7:58  Zealot x4  
  93  8:00  Zealot  
  99  8:39  Phoenix x3  
  104  9:05  High Templar x3  
  104  9:06  High Templar  
  112  9:11  Archon x2  
  112  9:34  Fleet Beacon  
  112  9:38  Pylon  
  112  9:43  Pylon  
  112  9:45  Pylon  
  112  9:51  Probe x2  
  115  9:53  High Templar  
  115  9:55  Pylon x2  
  115  9:57  Pylon  
  115  9:58  Pylon  
  117  10:03  High Templar  
  117  10:05  Probe  
  117  10:06  Probe x2  
  121  10:07  High Templar x2  
  121  10:12  Archon  
  121  10:13  Archon  
  125  10:19  Tempest x3  
  140  10:23  Warp Prism  
  142  10:28  Probe x2  
  142  10:29  Probe  
  142  10:35  Photon Cannon x2  
  145  10:38  Shield Battery  
  145  10:44  Pylon  
  145  10:51  Pylon  
  145  11:09  Stargate  
  145  11:11  Stargate x2  
  145  11:19  Tempest x2  
  145  11:21  Tempest, Stargate  
  160  11:30  Zealot  
  160  11:31  Zealot x4  
  160  11:32  Zealot x2  
  174  11:36  Pylon  
  174  11:40  Pylon  
  174  11:43  Pylon  
  174  11:44  Pylon  
  174  12:00  Gateway  
  174  12:02  Gateway  
  174  12:04  Gateway  
  174  12:07  Protoss Air Weapons Level 1, Gateway x2  
  174  12:15  Tempest x2  
  174  12:16  Tempest  
  189  12:24  Protoss Shields Level 1  
  189  12:37  Protoss Ground Armor Level 2  
  189  12:38  Cybernetics Core, Tempest x2  
  199  14:11  Protoss Air Armor Level 1  
  199  14:18  Protoss Air Weapons Level 2  
  199  14:30  Assimilator, Nexus  
  199  14:33  Assimilator  
  199  14:34  Pylon  
  199  14:37  Assimilator  
  199  14:40  Pylon  
  199  14:41  Nexus  
  199  14:42  Assimilator  
  199  14:49  Pylon  
  199  14:50  Assimilator  
  199  14:52  Assimilator, Nexus  
  121  16:06  Tempest x2  
  121  16:07  Tempest x4  
  121  16:08  Tempest  
  148  16:46  Protoss Air Armor Level 2  
  148  16:49  Protoss Air Weapons Level 3  
  148  16:59  Warp Prism  
  130  18:18  Stalker, Zealot  
  130  18:19  Zealot x5  
  144  18:20  Zealot  
  142  19:32  Zealot x2  
  142  19:33  Zealot x6  
  142  19:34  Zealot x2  
  142  19:35  Zealot x2  
  196  20:21  Zealot  
  196  20:22  Zealot  
Tags
 
Add a new tag
Caveats
  • Supply blocks, unpowered buildings, or Contaminate may cause inaccurate times.
  • Supply counts are checked every 10 seconds.